 Dungeon Crawl Stone Soup version 0.17-a0-1481-gfdcec5c (webtiles) character file.

557 namelastname112 the Slasher (level 7, -7/61 HPs)
             Began as a Purple Draconian Berserker on July 4, 2015.
             Was a Priest of Trog.
             Mangled by a mummy (15 damage)
             ... in an ossuary.
             The game lasted 00:07:26 (3616 turns).

namelastname112 the Slasher (DrBe)                  Turns: 3616, Time: 00:07:26

Health: -7/61      AC:  6    Str: 19    XL:     7   Next: 9%
Magic:  17/17      EV: 13    Int:  7    God:    Trog [***...]
Gold:   114        SH:  0    Dex: 13    Spells: 0 memorised, 6 levels left

rFire  . . .     SeeInvis .     a - +0 falchion
rCold  . . .     Clarity  .     (armour unavailable)
rNeg   . . .     SustAt   .     (no shield)
rPois  .         Gourm    .     (helmet restricted)
rElec  .         Spirit   .     (no cloak)
rCorr  .         Warding  .     (no gloves)
rMut   .         Stasis   .     (no boots)
MR     +++..                    (no amulet)
Stlth  +.........               (no ring)
                                r - ring of magical power

@: regenerating, extremely resistant to hostile enchantments, very unstealthy
A: breathe power, unfitting armour, cold-blooded, AC +6
a: Breathe Dispelling Energy, Burn Spellbooks, Berserk, Trog's Hand, Renounce
Religion


You were in an ossuary.
You worshipped Trog.
Trog was most pleased with you.
You were hungry.

You visited 1 branch of the dungeon, and saw 5 of its levels.
You also visited: Ossuary.

You collected 114 gold pieces.

Inventory:

Hand weapons
 a - a +0 falchion (weapon)
Jewellery
 r - a ring of magical power (left hand)
Magical devices
 t - a wand of fireball (3)
Scrolls
 e - 2 scrolls of remove curse {unknown}
 g - a scroll of amnesia {unknown}
 h - a scroll of immolation {unknown}
 i - a scroll of recharging {unknown}
 j - a scroll of blinking {unknown}
 k - 5 scrolls of teleportation {unknown}
 l - 7 scrolls of identify {unknown}
 q - a scroll of fear {unknown}
 w - a scroll of magic mapping {unknown}
Potions
 c - 2 potions of haste
 f - a potion of degeneration {unknown}
 m - 2 potions of berserk rage {unknown}
 n - a potion of brilliance {unknown}
 o - 2 potions of flight {unknown}
 p - a potion of ambrosia {unknown}
 u - a potion of agility {unknown}
 x - a potion of heal wounds {unknown}
Comestibles
 b - 3 bread rations
 s - a meat ration


   Skills:
 + Level 5.2 Fighting
 * Level 5.8 Long Blades
 + Level 4.0 Dodging
 * Level 2.6 Evocations


You had 6 spell levels left.
You didn't know any spells.

Dungeon Overview and Level Annotations

Branches:
Dungeon (5/15)
 Temple: D:4-7

Altars:

Annotations:
Ossuary Menkaure


Innate Abilities, Weirdness & Mutations

You can breathe bolts of dispelling energy.
Your rich purple scales are hard (AC +6).
Your body does not fit into most forms of armour.
You are cold-blooded and may be slowed by cold attacks.


Message History

The mummy is almost destroyed.
The mummy hits you!
* * * LOW HITPOINT WARNING * * *
Use which ability? (? or * to list) You're too hungry to go berserk.
Eat which item? (? for menu, Esc to quit)
You can't eat that!
Unknown command.
Unknown command.
Drink which item? (? for menu, Esc to quit)
Okay, then.
Use which ability? (? or * to list)
Okay, then.
Use which ability? (? or * to list) You're too hungry to go berserk.
Unknown command.
Eat which item? (? for menu, Esc to quit)
You are feeling hungry.
The mummy hits you!
You die...

#^.##..##..####..##..##.^##
..##..##..##??##..##..##..##
.##..##..##!!??##..##..##..##
##..##..##!.?!.!##..##..##..##
#..##..##...M∩!..##..##..##..##
..##..## ...?!....##..##..##..##
^##..## ...!!..M..##..##..##..##
##.^##############''##..##..##..#
#............^..@MM..##..##..##..
########################..##^.##.
.........^.................##..##
##############################..#
.................................
#################################


You could see Menkaure and a mummy.

Vanquished Creatures
  A phantom (D:4)
  An ogre (D:4)
  A centaur skeleton (D:4)
  Natasha (thrice) (D:3)
  3 worker ants
  A hound skeleton (D:5)
  2 mummies (Ossuary)
  9 gnolls
  4 adders
  2 oozes
  A worm (D:2)
  4 giant geckos
  4 orcs
  2 ball pythons
  2 bat skeletons (D:4)
  A giant cockroach (D:1)
  7 gnoll zombies (Ossuary)
  10 goblins
  8 hobgoblins
  4 quokkas
  7 bats
  4 giant newts
  2 gnoll skeletons (Ossuary)
  2 goblin skeletons (Ossuary)
  2 goblin zombies (Ossuary)
  A hobgoblin zombie (Ossuary)
  6 jackals
  10 kobolds
  3 kobold zombies (Ossuary)
  3 orc skeletons (Ossuary)
  10 rats
  3 rat skeletons (Ossuary)
  A rat zombie (Ossuary)
124 creatures vanquished.

Vanquished Creatures (others)
  2 gnoll skeletons (Ossuary)
  2 gnoll zombies (Ossuary)
  2 goblin skeletons (Ossuary)
  2 goblin zombies (Ossuary)
  A hobgoblin skeleton (Ossuary)
  2 hobgoblin zombies (Ossuary)
  3 kobold skeletons (Ossuary)
  A kobold zombie (Ossuary)
  4 orc skeletons (Ossuary)
  4 orc zombies (Ossuary)
  3 rat skeletons (Ossuary)
26 creatures vanquished.

Grand Total: 150 creatures vanquished

Notes
Turn   | Place    | Note
--------------------------------------------------------------
     0 | D:1      | namelastname112 the Draconian Berserker began the quest for the Orb.
     0 | D:1      | Reached XP level 1. HP: 19/19 MP: 1/1
   179 | D:1      | Reached XP level 2. HP: 26/26 MP: 2/2
   346 | D:1      | Acquired Trog's second power
   567 | D:1      | Reached XP level 3. HP: 13/33 MP: 3/3
   694 | D:2      | Reached skill level 4 in Long Blades
   884 | D:2      | Reached XP level 4. HP: 39/40 MP: 4/4
  1502 | D:3      | Noticed Natasha
  1519 | D:3      | Killed Natasha
  1519 | D:3      | Reached XP level 5. HP: 47/47 MP: 5/5
  1589 | D:3      | Noticed Natasha
  1594 | D:3      | Killed Natasha
  1701 | D:3      | Noticed Natasha
  1708 | D:3      | Killed Natasha
  1960 | D:4      | Noticed a phantom
  2001 | D:4      | HP: 2/47 [phantom (8)]
  2342 | D:4      | Reached skill level 5 in Long Blades
  2352 | D:4      | Noticed an ogre
  2360 | D:4      | Killed an ogre
  2360 | D:4      | Reached skill level 1 in Evocations
  2360 | D:4      | Reached XP level 6. HP: 34/53 MP: 6/6
  2619 | D:4      | Noticed a phantom
  2640 | D:4      | Killed a phantom
  3075 | D:4      | Reached skill level 5 in Fighting
  3146 | D:5      | Entered Level 5 of the Dungeon
  3208 | D:5      | Your scales start taking on a rich purple colour.
  3208 | D:5      | Reached XP level 7. HP: 34/61 MP: 8/8
  3247 | D:5      | Found a sand-covered staircase.
  3252 | Ossuary  | Entered an ossuary
  3604 | Ossuary  | Noticed Menkaure
  3616 | Ossuary  | Mangled by a mummy

Vault maps used:
D:1:      roderic_octagonal_star
D:2:      nicolae_overflow_hidden_temple, first_bread
D:3:      uniq_natasha
D:5:      temple_fountains, enter_ossuary_5, vehumet_altar_wand_db
Ossuary:  ossuary_due_pyramid

Action                   |  1- 3 |  4- 6 |  7- 9 || total
-------------------------+-------+-------+-------++-------
Melee: Falchion          |    96 |   216 |    71 ||   383
Invok: Berserk           |     3 |     1 |       ||     4
       Trog's Hand       |       |       |     1 ||     1
  Use: Potion            |       |     1 |     1 ||     2
  Eat: Chunk             |     2 |     5 |       ||     7
       Meat ration       |       |     1 |       ||     1
       Fruit             |       |       |     1 ||     1
